 Dungeon Crawl Stone Soup version 0.29-a0-816-g82769f0e0c (webtiles) character file.

Game seed: 258196112668277964

21988 Querens the Blocker (level 13, -4/262 HPs)
             Began as a Meteoran Fighter on July 5, 2022.
             Was a High Priest of Okawaru.
             Slain by a skeletal warrior
             ... wielding a +0 trident
              (16 damage)
             ... while paralysed by Rupert
             ... on level 13 of the Dungeon.
             The game lasted 00:34:16 (5929 turns).

Querens the Blocker (Meteoran Fighter)              Turns: 5929, Time: 00:34:16

Health: -4/262     AC: 26    Str: 20 (22) XL:     13   Next: 55%
Magic:  21/22      EV:  2    Int:  9 (10) God:    Okawaru [*****.]
Gold:   209        SH:  0    Dex: 14 (15) Spells: 12/12 levels left

rFire   . . .      SeeInvis +   a - +0 war axe
rCold   . . .      Faith    .   Q - +0 tower shield
rNeg    . . .      Spirit   .   (body armour currently unavailable)
rPois   +          Reflect  .   (helmet currently unavailable)
rElec   .          Harm     .   (cloak currently unavailable)
rCorr   .          Rampage  .   (gloves currently unavailable)
Will    +....      NoTele   +   (boots currently unavailable)
Stlth   ..........              (no amulet)
HPRegen 0.53/turn               n - +4 ring of evasion
MPRegen 0.18/turn               v - ring of see invisible

@: paralysed, mighty, brilliant, berserking (expiring), tree-form, heroic,
hasted, glowing, studying 2 skills
A: stationary, stasis, torment immunity, boosted hp, sense surroundings 2,
otherworldly, glowing, explore regen
a: Renounce Religion, Heroism, Finesse, Duel


You were on level 13 of the Dungeon.
You worshipped Okawaru.
Okawaru was extremely pleased with you.
You were a tree.
You visited 2 branches of the dungeon, and saw 14 of its levels.
You also visited: Bailey.

You collected 712 gold pieces.
You spent 503 gold pieces at shops.

Inventory:

Hand Weapons
 a - a +0 war axe (weapon)
Missiles
 R - a curare-tipped dart (quivered)
Armour
 c - a +0 helmet (melded)
 q - a +0 ring mail of fire resistance
 r - the +1 Delatra's gloves (melded) {ID++}
   (You found it on level 3 of the Dungeon)

   It heals its wearer when they drink unknown potions.
   It restores its wearer's MP when they read unknown scrolls.
 D - a +0 plate armour
 E - the +12 chain mail "Irowedas" (melded) {rC- Will++ Slay+2 Stlth+}
   (You took it off an orc warrior on level 7 of the Dungeon)

   Slay:      It affects your accuracy & damage with ranged weapons and melee
   (+2).
   rC:        It makes you vulnerable to cold.
   Will:      It greatly increases your willpower.
   Stlth:     It makes you more stealthy.
 F - the +0 pair of gloves of Cewkush {Harm rN+ Dex+4}
   (You found it on level 7 of the Dungeon)

   Dex:       It affects your dexterity (+4).
   rN:        It protects you from negative energy.
   Harm:      It increases damage dealt and taken.
 L - a +1 cloak of poison resistance (melded)
 N - the +0 pair of gloves of Pan-Flutes {Fly rN+}
   (Okawaru gifted it to you on level 8 of the Dungeon)

   rN:        It protects you from negative energy.
   Fly:       It grants you flight.
 Q - a +0 tower shield (worn)
Jewellery
 l - a ring of ice
 n - a +4 ring of evasion (left branch)
 p - a +6 ring of intelligence
 v - a ring of see invisible (right branch)
 O - an amulet of magic regeneration
 P - a ring of willpower
Wands
 w - a wand of iceblast (17)
 A - a wand of flame (3)
 C - a wand of polymorph (12)
 I - a wand of quicksilver (6)
 J - a wand of digging (3)
 T - a wand of paralysis (5)
Scrolls
 b - 3 scrolls of magic mapping
 e - a scroll of silence
 h - a scroll of brand weapon
 i - 4 scrolls of enchant armour
 m - 7 scrolls of teleportation
 t - 5 scrolls of identify
 u - a scroll of poison
 y - 6 scrolls of enchant weapon
 H - a scroll of fear
 K - a scroll of immolation
 S - a scroll of fog
Potions
 d - 6 potions of curing
 f - a potion of heal wounds
 g - 3 potions of magic
 j - a potion of flight
 o - 4 potions of attraction
 s - a potion of degeneration
 x - 3 potions of haste
 B - a potion of lignification
 G - a potion of might
 M - a potion of brilliance


   Skills:
 + Level 11.9(16.9) Fighting
 + Level 11.6(16.6) Axes
 + Level 11.9(16.9) Armour
 - Level 6.0(11.0) Dodging
 + Level 12.0(17.0) Shields
 + Level 10.9 Invocations


You had 12 spell levels left.
You didn't know any spells.
Your spell library contained the following spells:

 Spells                   Type           Power      Damage    Failure   Level
 Apportation              Tloc           0%         N/A       75%         1
 Necrotise                Necr           0%         1d4       75%         1
 Passage of Golubria      Tloc           0%         N/A       100%        4
 Blade Hands              Tmut           0%         N/A       100%        5
 Irradiate                Conj/Tmut      0%         3d13      100%        5
 Yara's Violent Unravell  Hex/Tmut       0%         3d3       100%        5
 Dragon Form              Tmut           0%         N/A       100%        7
 Borgnjor's Revivificati  Necr           0%         N/A       100%        8
 Necromutation            Tmut/Necr      0%         N/A       100%        8
 Death's Door             Necr           0%         N/A       100%        9
 Summon Small Mammal      Summ           Unusable   N/A       N/A         1
 Tukima's Dance           Hex            Unusable   N/A       N/A         3

Dungeon Overview and Level Annotations

Branches:
Dungeon (14/15) Zot: 2226  Temple (1/1) D:4 Zot: 585    Lair (0/6) D:8
    Orc (0/2) D:9          Bailey (visited)
 Vaults: D:13-14

Altars:
Ashenzari
Cheibriados
Dithmenos
Elyvilon
Gozag
Hepliaklqana
Kikubaaqudgha
Makhleb
Nemelex Xobeh
Okawaru
Qazlal
Ru
Sif Muna
Trog
Uskayaw
Wu Jian
Xom
Yredelemnul
Zin
The Shining One

Shops:
D:5 !   D:7 =   D:10 ?!=

Portals:
Gauntlet: D:13

Annotations:
D:3 2 runed translucent doors
D:13 Rupert, Urug


Innate Abilities, Weirdness & Mutations

You are a tree.
Your roots penetrate the ground, keeping you stationary.
You cannot be teleported.
You are immune to unholy pain and torment.
Your maximum health is greatly increased.
Your equipment is partially melded.
You passively map the area around you.
You are easily found by Zot.
You glow in the dark.
You regain HP and MP as you explore.


Message History

Unknown command.
Unknown command.
Unknown command.
Unknown command.
You are too berserk!
You closely miss Rupert.
Rupert is moderately wounded.
You slash the cyclops! You hit the human. You slash the human!
You kill the human!
Okawaru accepts your kill.
You slash the large slime creature!
You block the large slime creature's attack.
Rupert yells loudly at you.
You suddenly lose the ability to move!
The human hits you but does no damage.
The skeletal warrior hits you but does no damage.
Your base Shields skill increases to level 12!
The human hits you but does no damage.
The large slime creature hits you but does no damage.
Rupert hits you with a +4 battleaxe of electrocution.
* * * LOW HITPOINT WARNING * * *
Urug hits you but does no damage.
The human hits you but does no damage. x2
The skeletal warrior hits you but does no damage.
The cyclops hits you but does no damage.
The sentinel's mark upon you fades away.
The human hits you but does no damage. Urug hits you but does no damage.
The large slime creature hits you.
* * * LOW HITPOINT WARNING * * *
The human hits you but does no damage. x2
A human comes into view.
The skeletal warrior hits you but does no damage.
Rupert hits you but does no damage.
The cyclops hits you but does no damage.
The human hits you but does no damage. Urug hits you with a +2 war axe!
* * * LOW HITPOINT WARNING * * *
Rupert hits you but does no damage. The human hits you.
* * * LOW HITPOINT WARNING * * *
The human hits you.
* * * LOW HITPOINT WARNING * * *
The skeletal warrior hits you from afar with a +0 trident!
You die...

, #.##...# , , ,, ... ,
#....### * *
....,##..########* ,
,.....#..........#*,. ,*
*
................$##.#,,*
* ............)........
, ........#..)†).....# *
#####...#.p@(?)...## , *
, .....#po♣Cz...## * *
#.....ppJppc....# , ,, *
*...##.#.gcpc.......! ,
.#. #.##ppp........., ,
,, ,, *,..pp.......... ,
, , ...#.∩......... * *
..#............. ,, * ,
,, , ..####.........,, ,
,,* * , ,, , *


You could see Rupert, Urug, a skeletal warrior, a large slime creature, a
centaur warrior (summoned), a cyclops, 12 humans, 2 centaurs and a boggart.

Vanquished Creatures
  Jorgrun (D:13)
  A two-headed ogre (D:8)
  4 centaur warriors (D:13)
  The ghost of triguntf the Cleaver, a novice HOFi (D:7)
  Amaemon (D:9)
  2 skeletal warriors (D:13)
  Lodul (D:13)
  Pikel (D:8)
  2 ugly things
  A manticore (D:11)
  Maurice (D:8)
  Joseph (D:8)
  An orange demon (D:9)
  Maggie (D:6)
  A kobold demonologist (D:11)
  2 trolls
  A hornet (D:9)
  Prince Ribbit (D:6)
  A slime creature (D:13)
  Grinder (D:6)
  A wraith (D:10)
  Sigmund (D:4)
  2 shadows
  A wyvern (D:9)
  4 humans (D:13)
  19 yaks
  A steam dragon (D:8)
  Menkaure (D:4)
  2 acid dragons
  Duvessa (D:6)
  A sky beast (D:7)
  10 orc warriors
  An ice beast (D:5)
  7 ogres
  20 centaurs
  4 kobold brigands
  A lemure (D:8)
  A phantom (D:7)
  6 bullfrogs
  3 scorpions
  A gnoll sergeant (D:8)
  A necrophage (D:6)
  4 wights
  Dowan (D:6)
  7 killer bees
  3 howler monkeys (D:7)
  2 jellies
  2 gnoll boudas
  8 orc priests
  2 hounds (D:4)
  2 iguanas
  11 orc wizards
  8 adders
  13 gnolls
  A white imp (D:4)
  An ufetubus (D:4)
  5 worms
  2 dart slugs
  71 orcs
  3 bats
  3 endoplasms
  5 giant cockroaches
  10 goblins
  6 hobgoblins
  26 kobolds
  A quokka (D:4)
  10 ball pythons
  3 frilled lizards
  A goblin skeleton (D:4)
  2 hobgoblin zombies (D:4)
  2 kobold skeletons (D:4)
  2 kobold zombies (D:4)
  An orc skeleton (D:4)
  6 rats
339 creatures vanquished.

Vanquished Creatures (others)
  A vampire (D:13)
  An orc (Bailey)
  3 fungi (D:5)
5 creatures vanquished.

Grand Total: 344 creatures vanquished

Notes
Turn   | Place    | Note
-------+----------+-------------------------------------------
     0 | D:1      | Querens the Meteoran Fighter began the quest for the Orb.
     0 | D:1      | Reached XP level 1. HP: 19/19 MP: 2/2
   232 | D:1      | Reached XP level 2. HP: 16/26 MP: 3/3
   489 | D:1      | Glimpsed the power of Zot.
   539 | D:1      | Glimpsed the power of Zot.
   574 | D:2      | Found a faded altar of an unknown god.
   593 | D:2      | Reached skill level 4 in Shields
   593 | D:2      | Reached XP level 3. HP: 19/31 MP: 4/4
   597 | D:2      | Reached XP level 4. HP: 16/40 MP: 5/5
   756 | D:2      | Reached XP level 5. HP: 45/46 MP: 6/6
   922 | D:3      | Found a broken altar of Ashenzari.
   946 | D:3      | Reached XP level 6. HP: 38/52 MP: 7/7
   974 | D:3      | Found a stormy altar of Qazlal.
  1094 | D:3      | Found the +1 Delatra's gloves {ID++}
  1194 | D:3      | Found a shadowy altar of Dithmenos.
  1235 | D:3      | Found a hazy altar of Hepliaklqana.
  1266 | D:3      | Found a large runed translucent door.
  1266 | D:3      | Found a large runed translucent door.
  1301 | D:3      | Reached skill level 5 in Armour
  1301 | D:3      | Reached skill level 5 in Shields
  1377 | D:4      | Noticed Sigmund
  1393 | D:4      | Killed Sigmund
  1394 | D:4      | Reached skill level 5 in Fighting
  1394 | D:4      | Reached XP level 7. HP: 52/61 MP: 8/8
  1461 | D:4      | Found a staircase to the Ecumenical Temple.
  1474 | Temple   | Entered the Ecumenical Temple
  1482 | Temple   | Became a worshipper of Warmaster Okawaru
  1536 | D:4      | Found a glowing golden altar of the Shining One.
  1538 | D:4      | Noticed Menkaure
  1544 | D:4      | Killed Menkaure
  1545 | D:4      | Reached skill level 5 in Axes
  1600 | D:4      | Reached XP level 8. HP: 67/68 MP: 9/9
  1633 | D:4      | Reached * piety under Okawaru
  1634 | D:4      | Reached skill level 6 in Shields
  1864 | D:5      | Entered Level 5 of the Dungeon
  1979 | D:5      | Found Mad Buene's Distillery.
  2034 | D:5      | Found a snail-covered altar of Cheibriados.
  2305 | D:6      | Noticed Maggie
  2326 | D:6      | Killed Maggie
  2327 | D:6      | Reached skill level 1 in Dodging
  2327 | D:6      | Reached skill level 1 in Invocations
  2327 | D:6      | Gained mutation: You passively map the area around you.
                  | [Meteoran growth]
  2327 | D:6      | Reached XP level 9. HP: 40/75 MP: 9/11
  2494 | D:6      | Noticed Duvessa
  2495 | D:6      | Noticed Dowan
  2511 | D:6      | Reached ** piety under Okawaru
  2548 | D:6      | Killed Duvessa
  2548 | D:6      | Killed Dowan
  2549 | D:6      | Reached skill level 7 in Shields
  2614 | D:6      | Noticed Prince Ribbit
  2655 | D:6      | Noticed Grinder
  2658 | D:6      | Paralysed by Grinder for 3 turns
  2670 | D:6      | Killed Grinder
  2747 | D:6      | Killed Prince Ribbit
  2889 | D:6      | Found an ancient bone altar of Kikubaaqudgha.
  3037 | D:7      | Found Gaisico's Jewellery Boutique.
  3054 | D:7      | Reached *** piety under Okawaru
  3056 | D:7      | Reached XP level 10. HP: 44/86 MP: 12/14
  3154 | D:7      | Found a runed translucent gate.
  3154 | D:7      | Identified the +12 chain mail "Irowedas" {rC- Will++ Slay+2
                  | Stlth+}
  3154 | D:7      | Noticed triguntf's ghost (novice HOFi)
  3155 | D:7      | Found a runed translucent gate.
  3156 | D:7      | Found a runed translucent gate.
  3202 | D:7      | Killed triguntf's ghost
  3203 | D:7      | Reached skill level 8 in Shields
  3203 | D:7      | Reached skill level 5 in Invocations
  3206 | D:7      | Reached skill level 5 in Dodging
  3219 | D:7      | Identified the +0 pair of gloves of Cewkush {Harm rN+
                  | Dex+4}
  3495 | D:8      | Reached **** piety under Okawaru
  3607 | D:8      | Noticed Joseph
  3629 | D:8      | Killed Joseph
  3630 | D:8      | Reached XP level 11. HP: 85/94 MP: 16/16
  3731 | D:8      | Noticed Pikel
  3742 | D:8      | Killed Pikel
  3743 | D:8      | Reached skill level 9 in Shields
  3797 | D:8      | Reached ***** piety under Okawaru
  3831 | D:8      | Noticed Maurice
  3846 | D:8      | Killed Maurice
  3925 | D:8      | Found a staircase to the Lair.
  4001 | D:8      | Noticed a two-headed ogre
  4010 | D:8      | Killed a two-headed ogre
  4010 | D:8      | Identified the +0 pair of gloves of Pan-Flutes {Fly rN+}
                  | (Okawaru gifted it to you on level 8 of the Dungeon)
  4010 | D:8      | Received a gift from Okawaru
  4232 | D:9      | Noticed Amaemon
  4266 | D:9      | Killed Amaemon
  4283 | D:9      | Found a staircase to the Orcish Mines.
  4439 | D:9      | Reached skill level 10 in Shields
  4441 | D:9      | Reached skill level 10 in Armour
  4672 | D:9      | Reached XP level 12. HP: 83/104 MP: 19/19
  4780 | D:10     | Entered Level 10 of the Dungeon
  4780 | D:10     | Found a flagged portal.
  4898 | D:10     | Found a shimmering altar of Xom.
  5044 | D:10     | Found a basalt altar of Yredelemnul.
  5060 | D:10     | Found Soateats's Distillery.
  5080 | D:10     | Bought a potion of curing for 51 gold pieces
  5080 | D:10     | Bought a potion of might for 68 gold pieces
  5113 | D:10     | Found Jonkuiz's Magic Scroll Emporium.
  5118 | D:10     | Bought a scroll of teleportation for 48 gold pieces
  5118 | D:10     | Bought a scroll of identify for 32 gold pieces
  5118 | D:10     | Bought a scroll of identify for 32 gold pieces
  5118 | D:10     | Bought a scroll of enchant weapon for 120 gold pieces
  5118 | D:10     | Bought a scroll of identify for 32 gold pieces
  5118 | D:10     | Bought a scroll of magic mapping for 56 gold pieces
  5118 | D:10     | Bought a scroll of identify for 32 gold pieces
  5118 | D:10     | Bought a scroll of identify for 32 gold pieces
  5201 | D:10     | Reached skill level 10 in Axes
  5258 | Bailey   | Entered a bailey
  5551 | Bailey   | Identified the +5 bardiche "Ceinted" {pain, Will+}
  5735 | D:10     | Received a gift from Okawaru
  5742 | D:10     | Found Enkue's Jewellery Boutique.
  5792 | D:11     | Reached skill level 10 in Fighting
  5803 | D:11     | Reached skill level 11 in Shields
  5837 | D:11     | You fall into a shaft and drop 3 floors!
  5852 | D:13     | Noticed a centaur warrior
  5853 | D:13     | Found a gate leading to a gauntlet.
  5854 | D:13     | Noticed Jorgrun
  5854 | D:13     | Noticed a centaur warrior
  5854 | D:13     | Noticed a skeletal warrior
  5862 | D:13     | Killed a centaur warrior
  5863 | D:13     | Noticed a skeletal warrior
  5868 | D:13     | Noticed Lodul
  5877 | D:13     | Reached XP level 13. HP: 31/114 MP: 17/21
  5877 | D:13     | Killed Jorgrun
  5878 | D:13     | Reached skill level 10 in Invocations
  5878 | D:13     | Killed a centaur warrior
  5888 | D:13     | Killed Lodul
  5895 | D:13     | Noticed a centaur warrior
  5902 | D:13     | Noticed a centaur warrior
  5909 | D:13     | Noticed Rupert
  5912 | D:13     | Noticed Urug
  5921 | D:13     | Noticed a centaur warrior
  5921 | D:13     | Killed a centaur warrior
  5921 | D:13     | Killed a centaur warrior
  5926 | D:13     | Paralysed by Rupert for 5 turns
  5927 | D:13     | Reached skill level 12 in Shields
  5929 | D:13     | HP: 13/262 [human (2)]
  5929 | D:13     | Slain by a skeletal warrior

Illustrated notes

Levels and vault maps discovered:
D:1:      dpeg_arrival_simpleton_c, layout_basic, minmay_pentomino_z2
D:2:      layout_rooms, hellmonk_ecumenical_altar_arch_garden,
          minmay_fountain_box
D:3:      layout_rooms, mainiacjoe_overflow_surrounded_room,
          nicolae_dithmenos_through_a_glass_darkly,
          mainiacjoe_overflow_small_starburst, jmf_multi_god_temple2,
          grunt_qazlal_clouds, hex_intersection, pf_guarded_unrand_delatra
D:4:      layout_loops_cross, nicolae_tso_besieged_by_evil, temple_fountains,
          minmay_fractal_squares_5, uniq_menkaure, uniq_sigmund
D:5:      layout_loops_cross, mainiacjoe_overflow_boulevard, serial_shops, shop
D:6:      layout_loops_cross, mainiacjoe_overflow_concentric_impassable,
          serial_co_window_serial, co_window_corner_a, co_window_paths_a,
          co_window_paths_a, co_window_paths_a, co_window_of_opportunity_a,
          co_window_of_opportunity_b, co_window_of_opportunity_b,
          co_window_unsneaky_path_c, co_window_4corner_b, co_window_sun,
          glass_columns_c, uniq_prince_ribbit1, uniq_crazy_yiuf_cottage,
          uniq_duvessa, uniq_maggie, uniq_grinder
D:7:      layout_rooms, biasface_ghost_orc_armoury, serial_shops, shop
D:8:      layout_basic, lair_entry_dummy, uniq_joseph, uniq_pikel, uniq_maurice
D:9:      layout_basic, david_orc_5, hangedman_decor_peaks_small,
          hangedman_minor_gate_pass, uniq_amaemon
D:10:     layout_rooms, mainiacjoe_overflow_chevrons, lemuel_doored_altar,
          enter_bailey_5, serial_shops, shop_fountains,
          nicolae_shop_hallway_plus, shop
D:11:     layout_cave_pools
D:13:     layout_rooms, david_vaults_3, gauntlet_entry_generic, uniq_lodul,
          uniq_jorgrun
D:14:     layout_big_octagon, kennysheep_minor_cross, serial_shops,
          nicolae_shop_window_shopping, uniq_snorg
Temple:   minmay_freezing_vapour_temple

Skill      XL: |  1  2  3  4  5  6  7  8  9 10 11 12 13 |
---------------+----------------------------------------+-----
Armour         | 4 5 6 7 8 10 11 | 11.9
Shields        | 4 5 6 7 8 10 11 12 | 12.0
Axes           | 3 4 5 6 7 8 9 10 11 | 11.6
Fighting       | 4 5 6 7 8 9 10 11 | 11.9
Dodging        | 1 3 5 6 |  6.0
Invocations    | 1 4 6 8 9 10 | 10.9

Action                   |  1- 3 |  4- 6 |  7- 9 | 10-12 | 13-15 || total
-------------------------+-------+-------+-------+-------+-------++-------
Melee: War axe           |    33 |   144 |   199 |   571 |    40 ||   987
Invok: Heroism           |       |       |     5 |    14 |     1 ||    20
       Finesse           |       |       |       |     2 |       ||     2
Evoke: Wand              |       |       |     8 |    14 |       ||    22
  Use: Potion            |     1 |       |     2 |     6 |     6 ||    15
       Scroll            |       |       |       |     8 |       ||     8
Armor: Scale mail        |    15 |    61 |       |       |       ||    76
       Chain mail        |       |    25 |    45 |   411 |    13 ||   494
       Plate armour      |       |       |    51 |    24 |       ||    75
       Skin              |       |       |       |       |    36 ||    36
Dodge: Dodged            |    13 |    74 |   101 |   450 |    13 ||   651
Block: Buckler           |    10 |    50 |    79 |   160 |       ||   299
       Tower shield      |       |       |       |   394 |    50 ||   444

Table legend: (Time is in decaauts)
 A = Elapsed time spent in this place.
 B = Non-inter-level travel time spent in this place.
 C = Inter-level travel time spent in this place.
 D = Time resting spent in this place.
 E = Time spent auto-exploring this place.
 F = Levels seen in this place.
 G = Mean time per level.
                   A        B        C        D        E       F      G
               +--------+--------+--------+--------+--------+-----+--------+
         Total |   5994 |   5430 |    564 |      6 |      0 |  15 |  399.6 |
       Dungeon |   5572 |   5008 |    564 |      6 |      0 |  13 |  428.6 |
        Temple |     14 |     14 |      0 |      0 |      0 |   1 |   14.0 |
        Bailey |    407 |    407 |      0 |      0 |      0 |   1 |  407.0 |
               +--------+--------+--------+--------+--------+-----+--------+

Top non-repeatable levels by time:
     D:8: 794 daAuts
     D:6: 734 daAuts
    D:10: 627 daAuts
     D:1: 565 daAuts
     D:9: 533 daAuts
     D:3: 521 daAuts
     D:4: 497 daAuts
     D:5: 448 daAuts
  Bailey: 407 daAuts
     D:7: 387 daAuts
     D:2: 350 daAuts
    D:13: 53 daAuts
    D:11: 50 daAuts
  Temple: 14 daAuts
    D:14: 6 daAuts
